 Dungeon Crawl Stone Soup version 0.16.1-28-gcc2312f (webtiles) character file.

664 NekoKawashu the Ruffian (level 7, -1/67 HPs)
             Began as a Troll Monk on May 27, 2015.
             Was a Believer of Nemelex Xobeh.
             Slain by a hound (3 damage)
             ... on level 5 of the Dungeon.
             The game lasted 00:11:09 (1686 turns).

NekoKawashu the Ruffian (Troll Monk)                Turns: 1686, Time: 00:11:10

Health: -1/67      AC:  5    Str: 20    XL:     7   Next: 31%
Magic:  3/3        EV: 12    Int:  7    God:    Nemelex Xobeh [**....]
Gold:   60         SH:  0    Dex: 13    Spells: 0 memorised, 6 levels left

rFire  . . .     SeeInvis .       - Unarmed
rCold  . . .     Clarity  .     t - +0 robe
rNeg   . . .     SustAb   +     (shield restricted)
rPois  .         Gourm    +     (helmet restricted)
rElec  .         Spirit   .     (no cloak)
rCorr  .         Warding  .     (gloves unavailable)
rMut   .         Stasis   .     (boots unavailable)
MR     .....                    (no amulet)
Stlth  ++........               (no ring)
                                i - ring of sustain abilities

@: not resistant to hostile enchantments, unstealthy
A: unfitting armour, claws 3, fast metabolism 3, gourmand, regeneration 2,
shaggy fur 1, tough skin 2
a: Renounce Religion


You were on level 5 of the Dungeon.
You worshipped Nemelex Xobeh.
Nemelex Xobeh was pleased with you.
You were not hungry.

You visited 1 branch of the dungeon, and saw 5 of its levels.

You collected 60 gold pieces.

Inventory:

Armour
 a - a +0 robe
 t - a +0 robe (worn)
Jewellery
 i - a ring of sustain abilities (left claw)
Magical devices
 d - a wand of slowing (13)
Scrolls
 c - a scroll of magic mapping {unknown}
 e - a scroll of blinking {unknown}
 j - a scroll of identify {unknown}
 k - 2 scrolls of immolation {unknown}
 o - 3 scrolls of remove curse {unknown}
Potions
 l - a potion of haste {unknown}
 m - a potion of agility {unknown}
 n - a potion of curing {unknown}
 r - a potion of brilliance {unknown}
 s - a potion of berserk rage {unknown}
Miscellaneous
 h - a plain deck of destruction {drawn: 3}
 q - a legendary deck of war {drawn: 1}
Comestibles
 b - 2 meat rations
 f - a bread ration
 g - 4 fruits
 p - a slice of pizza


   Skills:
 + Level 3.4 Fighting
 + Level 5.0 Dodging
 + Level 1.6 Stealth
 + Level 6.1 Unarmed Combat
 + Level 0.2 Evocations


You had 6 spell levels left.
You didn't know any spells.

Dungeon Overview and Level Annotations

Branches:
Dungeon (5/15)             Temple (0/1) D:4

Altars:
Kikubaaqudgha
Nemelex Xobeh
Xom
Zin


Innate Abilities, Weirdness & Mutations

You are too large for most types of armour.
You have claws for hands.
Your metabolism is lightning-fast.
You like to eat raw meat.
You heal very quickly.
You are covered in fur (AC +1).
You have very tough skin (AC +2).


Message History

You draw a card...
It is Pain.
You have drawn Pain.
Press: ? - help, Shift-Dir - straight line, f - orc wizard
Aim: an orc wizard, wielding a halberd and wearing a robe The orc wizard convulses in agony!
The hound bites you.
* * * LOW HITPOINT WARNING * * *
The hobgoblin misses you. The orc wizard closely misses you.
The hound misses you. The orc wizard closely misses you. The hound bites you.
* * * LOW HITPOINT WARNING * * *
The orc wizard hits you with a halberd.
* * * LOW HITPOINT WARNING * * *
The hound bites you.
* * * LOW HITPOINT WARNING * * *
The orc wizard hits you with a halberd!
* * * LOW HITPOINT WARNING * * *
The hound closely misses you. The hound bites you.
You die...
Your body glows slightly and disappears.

...## #.#.........[..)†.#
##..####.#.........#.)...#
###..#.............#.#..##
†.............K....#[####
...........##....##..#
..####..#####....##.## ..#
##..........#..# ###
######.......## #
##...@.## #.oh### #..g#
#########.## ###......ooo#
..........5O#
####.........#
.............#
.#######.#####


You could see an orc warrior, an ogre, a hound, an orc wizard, a crimson imp, an
orc, a hobgoblin and a kobold.

Vanquished Creatures
  An ogre (D:5)
  A centaur (D:5)
  The ghost of Turgon the Stinger, an average OpTm (D:4)
  4 crimson imps (D:5)
  A centaur skeleton (D:3)
  2 hounds
  2 worker ants (D:4)
  Jessica (D:2)
  5 adders
  2 giant mites
  3 giant geckos
  2 orcs (D:4)
  A bat skeleton (D:4)
  6 goblins
  7 hobgoblins
  6 bats
  3 giant cockroaches
  A giant newt (D:2)
  A jackal skeleton (D:4)
  3 rats
53 creatures vanquished.

Vanquished Creatures (collateral kills)
  A centaur (D:5)
  A goblin (D:5)
2 creatures vanquished.

Grand Total: 55 creatures vanquished

Notes
Turn   | Place    | Note
--------------------------------------------------------------
     0 | D:1      | NekoKawashu, the Troll Monk, began the quest for the Orb.
     0 | D:1      | Reached XP level 1. HP: 22/22 MP: 1/1
     2 | D:1      | Noticed a centaur
     4 | D:1      | Noticed an elf
     4 | D:1      | Noticed a felid
     6 | D:1      | Noticed a vampire
     6 | D:1      | Noticed a draconian
     8 | D:1      | Noticed a gargoyle
     8 | D:1      | Noticed a demonspawn
    12 | D:1      | Noticed a merfolk
    12 | D:1      | Noticed an ogre
    14 | D:1      | Noticed a ghoul
    16 | D:1      | Noticed a human
    16 | D:1      | Noticed a tengu
    18 | D:1      | Noticed a troll
    20 | D:1      | Noticed a dwarf
    22 | D:1      | Noticed a naga
    22 | D:1      | Noticed an octopode
    24 | D:1      | Noticed a spriggan
    24 | D:1      | Noticed a minotaur
    26 | D:1      | Noticed a vine stalker
    26 | D:1      | Noticed a formicid
    28 | D:1      | Noticed a demigod
   212 | D:2      | Reached XP level 2. HP: 23/29 MP: 1/1
   473 | D:2      | Reached XP level 3. HP: 36/36 MP: 2/2
   482 | D:2      | Noticed Jessica
   486 | D:2      | Killed Jessica
   691 | D:3      | Reached XP level 4. HP: 37/44 MP: 2/2
   741 | D:3      | Reached skill level 5 in Unarmed Combat
  1044 | D:4      | Reached XP level 5. HP: 31/50 MP: 2/2
  1082 | D:4      | Noticed Turgon's ghost (average OpTm)
  1099 | D:4      | Killed Turgon's ghost
  1101 | D:4      | Found an ancient bone altar of Kikubaaqudgha.
  1134 | D:4      | Found a sparkling altar of Nemelex Xobeh.
  1159 | D:4      | Became a worshipper of Nemelex Xobeh the Trickster
  1159 | D:4      | Received a gift from Nemelex Xobeh
  1243 | D:4      | Reached XP level 6. HP: 46/61 MP: 3/3
  1245 | D:4      | Found a staircase to the Ecumenical Temple.
  1247 | D:4      | Received a gift from Nemelex Xobeh
  1318 | D:4      | Found a glowing silver altar of Zin.
  1436 | D:5      | Entered Level 5 of the Dungeon
  1541 | D:5      | Reached skill level 6 in Unarmed Combat
  1603 | D:5      | Found a shimmering altar of Xom.
  1621 | D:5      | Reached XP level 7. HP: 38/67 MP: 3/3
  1647 | D:5      | Reached skill level 5 in Dodging
  1685 | D:5      | HP: 2/67 [orc wizard/halberd (9)]
  1686 | D:5      | Slain by a hound

Action                   |  1- 3 |  4- 6 |  7- 9 || total
-------------------------+-------+-------+-------++-------
Melee: Unarmed           |    39 |    87 |    22 ||   148
Evoke: Deck              |       |     3 |     1 ||     4
 Stab: Sleeping          |     1 |       |       ||     1
  Eat: Fruit             |     3 |     1 |       ||     4
       Meat ration       |       |     2 |       ||     2
       Royal jelly       |       |     1 |       ||     1
